Construct Light Support Kompanie
Selects Panzerjäger Kommand Battlegroup
Selects GrB 39 Grenade Launcher Requisition
Panzerjäger Mechanized Group
Selects Blockade Equipment
Selects Crew Shock Tactics
Construct Mechanized Kompanie
Panzerjäger Mechanized Group
Selects Anti-tank Overwatch
Selects Anti-tank Overwatch
Selects Defensive Positions
Selects Butterfly Bomb Drop
Panzerjäger Mechanized Group
Marder III Tank Destroyer
Marder III Tank Destroyer
Marder III Tank Destroyer